 Dungeon Crawl Stone Soup version 0.24.0-13-gcf9b3192b9 (webtiles) character file.

Game seed: 4385094097233949679, levelgen mode: deterministic

129 DavidChitty2 the Skirmisher (level 4, 0/41 HPs)
             Began as a Minotaur Fighter on Nov 5, 2019.
             Slain by Grinder (8 damage)
             ... while paralysed by Grinder
             ... on level 3 of the Dungeon.
             The game lasted 00:02:33 (1851 turns).

DavidChitty2 the Skirmisher (Minotaur Fighter)      Turns: 1851, Time: 00:02:34

Health: 0/41       AC:  8    Str: 21    XL:     4   Next: 88%
Magic:  3/3        EV:  2    Int:  5    God:
Gold:   106        SH:  0    Dex: 10    Spells: 3/3 levels left

rFire    . . .     SeeInvis .   a - +0 war axe
rCold    . . .     Gourm    .   c - +0 shield
rNeg     . . .     Faith    .   b - +0 scale mail
rPois    .         Spirit   .   (helmet restricted)
rElec    .         Reflect  .   (no cloak)
rCorr    .         Harm     .   n - +0 pair of gloves
MR       .....                  (no boots)
Stlth    ..........             (no amulet)
HPRegen  0.13/turn              (no ring)
MPRegen  0.08/turn              (no ring)

@: paralysed
A: retaliatory headbutt, horns 2
a: no special abilities


You were on level 3 of the Dungeon.
You were not hungry.

You visited 1 branch of the dungeon, and saw 3 of its levels.

You collected 106 gold pieces.

Inventory:

Hand Weapons
 a - a +0 war axe (weapon)
Armour
 b - a +0 scale mail (worn)
 c - a +0 shield (worn)
 n - a +0 pair of gloves (worn)
   (You found it on level 3 of the Dungeon)
Wands
 d - a wand of iceblast (10)
   (You found it on level 3 of the Dungeon)
Scrolls
 g - 2 scrolls of amnesia {unknown}
 h - a scroll of immolation {unknown}
 k - 3 scrolls of identify {unknown}
 p - a scroll of magic mapping {unknown}
 r - a scroll of enchant armour {unknown}
Potions
 f - a potion of flight {unknown}
 i - 2 potions of lignification {unknown}
 j - a potion of heal wounds {unknown}
 l - 2 potions of haste {unknown}
 m - a potion of magic {unknown}
 q - 2 potions of curing {unknown}
 s - 2 potions of agility {unknown}
 t - a potion of might
Comestibles
 e - 6 rations {!d}
 o - 8 chunks of flesh


   Skills:
 + Level 4.4 Fighting
 * Level 4.3 Axes
 + Level 4.4 Armour
 + Level 4.4 Shields


You had 3 spell levels left.
You didn't know any spells.
Your spell library was empty.

Dungeon Overview and Level Annotations

Branches:
Dungeon (3/15)

Altars:

Annotations:
D:3 Grinder


Innate Abilities, Weirdness & Mutations

You reflexively headbutt those who attack you in melee.
You have a pair of horns on your head.


Message History

You see here a spear.
Grinder blinks!
Grinder gestures at you. Pain shoots through your body!
You hit Grinder. Your headbutt misses Grinder. You block Grinder's attack.
Grinder gestures at you. Pain shoots through your body!
You closely miss Grinder. Your headbutt misses Grinder. Grinder hits you!
* * * LOW HITPOINT WARNING * * *
Your shield and scale mail prevent you from hitting Grinder.
Your headbutt misses Grinder. You hit the frilled lizard.
You block Grinder's attack. You block the frilled lizard's attack.
Grinder gestures at you.
You suddenly lose the ability to move!
The frilled lizard bites you but does no damage.
Grinder completely misses you.
The frilled lizard bites you but does no damage.
Grinder hits you.
* * * LOW HITPOINT WARNING * * *
You writhe in agony.
* * * LOW HITPOINT WARNING * * *
You can move again.
You hit Grinder but do no damage. You barely miss the frilled lizard.
The frilled lizard bites you but does no damage.
Grinder barely misses you. You furiously retaliate!
You headbutt Grinder. The frilled lizard closely misses you.
You hit Grinder. You headbutt Grinder! You closely miss the frilled lizard.
You block Grinder's attack. You block the frilled lizard's attack.
You closely miss Grinder. You headbutt Grinder.
You barely miss the frilled lizard. Grinder hits you but does no damage.
You block the frilled lizard's attack. Grinder gestures at you.
You suddenly lose the ability to move!
The frilled lizard bites you but does no damage.
Grinder hits you but does no damage.
The frilled lizard bites you but does no damage.
Grinder hits you but does no damage.
The frilled lizard bites you but does no damage.
Grinder hits you.
* * * LOW HITPOINT WARNING * * *
The frilled lizard bites you but does no damage.
Grinder gestures at you. Pain shoots through your body!
* * * LOW HITPOINT WARNING * * *
The frilled lizard bites you.
* * * LOW HITPOINT WARNING * * *
Grinder hits you but does no damage.
The frilled lizard bites you but does no damage.
Grinder hits you!
You die...

# #$...(.#..... #
#......#........ ##.....
#######.##........ .[....#
#.....÷.#........# .......
#.......#...<....# .......
#......÷#........##.......
#........##.#.............
#........##...............
#........# #...5@l.......#
.........###.#...)########
..........# #.(..#
...###.#..##.#....# .##
#.#..........# .
#.#......##.##
#.#......##.#
#.###.....#.#
#...#.....#.#


You could see Grinder and a frilled lizard.

Vanquished Creatures
  4 adders
  2 oozes
  2 worms (D:2)
  3 dart slugs
  3 leopard geckos
  2 giant cockroaches
  8 hobgoblins
  3 jackals (D:3)
  A ball python (D:3)
  6 bats
  5 frilled lizards
  15 goblins
  5 kobolds
  10 rats
69 creatures vanquished.

Notes
Turn   | Place    | Note
-------+----------+-------------------------------------------
     0 | D:1      | DavidChitty2 the Minotaur Fighter began the quest for the
                  | Orb.
     0 | D:1      | Reached XP level 1. HP: 19/19 MP: 0/0
   209 | D:1      | Reached XP level 2. HP: 27/27 MP: 1/1
   524 | D:1      | Reached XP level 3. HP: 33/33 MP: 2/2
  1140 | D:2      | Reached XP level 4. HP: 30/40 MP: 3/3
  1833 | D:3      | Noticed Grinder
  1840 | D:3      | Paralysed by Grinder for 3 turns
  1845 | D:3      | Paralysed by Grinder for 7 turns
  1851 | D:3      | Slain by Grinder

Levels and vault maps discovered:
D:1:      dpeg_arrival_water_temple_mockup, layout_loops_ring
D:2:      layout_rooms, minmay_goblin_outpost
D:3:      layout_basic, first_ration, uniq_grinder

Skill      XL: |  1  2  3  4 |
---------------+-------------+-----
Axes           | 3 4 |  4.3
Fighting       | 4 |  4.4
Shields        | 4 |  4.4
Armour         | 4 |  4.4

Action                   |  1- 3 |  4- 6 || total
-------------------------+-------+-------++-------
Melee: War axe           |   125 |    49 ||   174
       Headbutt          |    17 |     6 ||    23
Throw: Stone             |       |     5 ||     5
  Eat: Chunk             |     1 |     2 ||     3
Armor: Scale mail        |    55 |    45 ||   100
Dodge: Dodged            |    31 |    27 ||    58
Block: Shield            |    70 |    32 ||   102
